 Dungeon Crawl Stone Soup version 0.30-a0-972-gf3ab3527aa (webtiles) character file.

Game seed: 3639550464570629872

170 NinjaNoafa the Changer (level 5, -2/33 HPs)
             Began as an Octopode Transmuter on Mar 31, 2023.
             Slain by Robin
             ... wielding a +0 spear
              (3 damage)
             ... on level 3 of the Dungeon.
             The game lasted 00:04:13 (1944 turns).

NinjaNoafa the Changer (Octopode Transmuter)        Turns: 1944, Time: 00:04:13

Health: -2/33      AC:  1    Str: 10    XL:     5   Next: 51%
Magic:  5/9        EV: 13    Int: 17    God:
Gold:   109        SH:  0    Dex: 12    Spells: 7/10 levels left

rFire   . . .      SeeInvis .      - Unarmed
rCold   . . .      Faith    .    (no shield)
rNeg    . . .      Spirit   .    (helmet currently unavailable)
rPois   .          Reflect  .    b - amulet of the acrobat
rElec   .          Rampage  .    g - ring of flight
rCorr   +                        l - ring of resist corrosion
Will    .....                    (no ring)
Stlth   +++                      (no ring)
HPRegen 0.25/turn                (no ring)
MPRegen 0.11/turn                (no ring)
                                 (no ring)
                                 (no ring)

@: brilliant, appendages, wereblooded, flying
A: tentacle spike 3, almost no armour, amphibious, 8 rings, camouflage 1,
gelatinous body 1, (nimble swimmer 1), tentacles
a: End Transformation


You were on level 3 of the Dungeon.
One of your tentacles had grown a beastly spike.
You visited 1 branch of the dungeon, and saw 3 of its levels.

You collected 109 gold pieces.

Inventory:

Missiles
 e - 2 curare-tipped darts (quivered)
 h - 2 poisoned darts
 o - a throwing net
Jewellery
 b - an amulet of the acrobat (around mantle)
 g - a ring of flight (left tentacle)
 l - a ring of resist corrosion (right tentacle)
 m - a ring of fire
Scrolls
 a - a scroll of vulnerability {unknown}
 d - 2 scrolls of identify {unknown}
 f - 2 scrolls of fear {unknown}
 i - a scroll of silence {unknown}
 k - 2 scrolls of brand weapon {unknown}
Potions
 c - a potion of curing
 j - 2 potions of brilliance
 n - a potion of cancellation {unknown}
 p - a potion of might {unknown}
 q - 2 potions of mutation {unknown}


   Skills:
 - Level 1.0 Fighting
 - Level 2.0 Dodging
 + Level 3.6 Stealth
 - Level 3.0 Unarmed Combat
 - Level 3.0 Spellcasting
 + Level 4.1 Transmutations


You had 7 spell levels left.
You knew the following spells:

 Your Spells              Type           Power      Damage    Failure   Level
a - Beastly Appendage     Tmut           48%        N/A       3%          1
b - Wereblood             Tmut           24%        N/A       4%          2

Your spell library contained the following spells:

 Spells                   Type           Power      Damage    Failure   Level
 Magic Dart               Conj           12%        1d3       17%         1
 Spider Form              Tmut/Pois      14%        N/A       22%         3
 Searing Ray              Conj           6%         2d4       26%         2
 Ice Form                 Ice/Tmut       14%        N/A       58%         4
 Fulminant Prism          Conj/Hex       1%         3d5       86%         4


Dungeon Overview and Level Annotations

Branches:
Dungeon (3/15)

Altars:
Qazlal

Annotations:
D:2 1 runed translucent door, Crazy Yiuf
D:3 3 runed translucent doors, Robin


Innate Abilities, Weirdness & Mutations

One of your tentacles has grown a beastly spike.
You cannot wear most types of armour.
You are amphibious.
You can wear up to eight rings at the same time.
Your skin changes colour to match your surroundings (Stealth+).
Your rubbery body absorbs attacks. (AC +1, EV +1)
((You are camouflaged when in or above water. (Stealth+)))
You have tentacles for arms and can constrict up to eight enemies at once.


Message History

Okay, then.
It was a potion of brilliance.
You feel clever all of a sudden. The goblin closely misses you.
The goblin hits you with a +0 dagger.
* * * LOW HITPOINT WARNING * * *
Unknown command.
You tentacle-slap the goblin.
You feel a bit better.
You kill the goblin!
Your tentacle spike disappears.
You barely miss the goblin. You grab the goblin. You constrict the goblin.
The goblin completely misses you.
Robin roars a battlecry!
The hobgoblin goes into a battle-frenzy!
You tentacle-slap the goblin.
You feel a bit better.
You kill the goblin!
You howl as the wereblood boils in your veins!
Robin says, "Bow before me, strongest of all the hobgoblins!"
Robin throws the goblin at you!
You barely miss the goblin. Your grab misses the goblin.
The hobgoblin misses you. The goblin hits you with a +0 dagger.
* * * LOW HITPOINT WARNING * * *
Robin hits you from afar with a +0 spear.
* * * LOW HITPOINT WARNING * * *
Casting: Wereblood (safe; 4% risk of failure)
Confirm with . or Enter, or press ? or * to list all spells.
You feel a surge of power!
One of your tentacles grows a vicious spike.
You howl as the wereblood boils in your veins!
The hobgoblin closely misses you. The goblin hits you with a +0 dagger.
* * * LOW HITPOINT WARNING * * *
Robin hits you but does no damage.
You tentacle-slap the goblin. You grab the goblin.
The goblin is severely wounded.
You howl as the wereblood boils in your veins!
You constrict the goblin.
You feel a bit better.
You kill the goblin!
The hobgoblin hits you.
* * * LOW HITPOINT WARNING * * *
Robin hits you from afar with a +0 spear.
You die...

# #....# #. #.#..# +#
# #.##.# .# .
#.##.###.# .#.#
#........# #.#.#
####.##### g...###
#........# .......
#.##.###.######)..##.#
#.##.###.#..)@gg.....#
#.##(......#####.#####
#.######.### # #.# #.#
#.######.# #........#
########## ###.# ...#
###### #..######
#..†..


You could see Robin and a hobgoblin (strong).

Vanquished Creatures
  Natasha (D:3)
  5 adders
  4 gnolls (D:2)
  2 dart slugs
  An orc (D:3)
  3 bats
  7 endoplasms (D:2)
  3 giant cockroaches
  11 goblins
  4 hobgoblins
  2 jackals (D:2)
  2 quokkas (D:1)
  5 ball pythons
  3 frilled lizards
  4 kobolds
  5 rats
62 creatures vanquished.

Notes
Turn   | Place    | Note
-------+----------+-------------------------------------------
     0 | D:1      | NinjaNoafa the Octopode Transmuter began the quest for the
                  | Orb.
     0 | D:1      | Reached XP level 1. HP: 13/13 MP: 3/3
    71 | D:1      | You fall into a shaft and drop 1 floor!
    95 | D:2      | Found a stormy altar of Qazlal.
   140 | D:2      | Reached XP level 2. HP: 11/18 MP: 3/5
   185 | D:1      | Found a faded altar of an unknown god.
   200 | D:1      | Reached XP level 3. HP: 19/23 MP: 6/6
   707 | D:2      | Reached skill level 3 in Transmutations
   742 | D:2      | Learned a level 2 spell: Wereblood
   809 | D:2      | Reached skill level 1 in Stealth
   823 | D:2      | Reached XP level 4. HP: 25/28 MP: 5/8
  1235 | D:2      | Found a runed translucent door.
  1236 | D:2      | Noticed Crazy Yiuf
  1376 | D:2      | Reached XP level 5. HP: 21/33 MP: 5/9
  1757 | D:3      | Noticed Natasha
  1762 | D:3      | Killed Natasha
  1791 | D:3      | Reached skill level 4 in Transmutations
  1874 | D:3      | Found a runed translucent gate.
  1874 | D:3      | Found a runed translucent gate.
  1874 | D:3      | Found a runed translucent gate.
  1921 | D:3      | Noticed Robin
  1944 | D:3      | HP: 1/33 [hobgoblin[Robin] (6)]
  1944 | D:3      | Slain by Robin

Illustrated notes

Levels and vault maps discovered:
D:1:      lightli_arrival_chessboard, layout_loops_cross,
          hellmonk_ecumenical_altar_crossroads, due_unseen_surprise
D:2:      layout_loops_cross, basic_altar, uniq_crazy_yiuf_cottage
D:3:      layout_loops_corners, ebering_ghost_rock_garden, uniq_natasha,
          uniq_robin, uniq_terence

Skill      XL: |  1  2  3  4  5 |
---------------+----------------+-----
Transmutations | 3 4 |  4.1
Spellcasting   | 3 |  3.0
Stealth        | 1 2 3 |  3.6
Fighting       | |  1.0
Dodging        | |  2.0
Unarmed Combat | |  3.0

Action                     |  1- 3 |  4- 6 || total
---------------------------+-------+-------++-------
  Melee: Unarmed           |    64 |    62 ||   126
         Kick              |    15 |    21 ||    36
         Tentacles         |    10 |     8 ||    18
         Constrict         |    13 |    19 ||    32
         Punch             |     3 |     1 ||     4
  Throw: Dart              |       |     6 ||     6
   Cast: Beastly Appendage |    15 |    18 ||    33
         Wereblood         |     1 |    14 ||    15
    Use: Potion            |       |     3 ||     3
   Stab: Sleeping          |     4 |     1 ||     5
 Armour: Skin              |     7 |    13 ||    20
  Dodge: Dodged            |    40 |    53 ||    93

Table legend: (Time is in decaauts)
 A = Elapsed time spent in this place.
 B = Non-inter-level travel time spent in this place.
 C = Inter-level travel time spent in this place.
 D = Time resting spent in this place.
 E = Time spent auto-exploring this place.
 F = Levels seen in this place.
 G = Mean time per level.
                   A        B        C        D        E       F      G
               +--------+--------+--------+--------+--------+-----+--------+
         Total |   1934 |   1800 |    134 |     35 |   1247 |   3 |  644.7 |
       Dungeon |   1934 |   1800 |    134 |     35 |   1247 |   3 |  644.7 |
               +--------+--------+--------+--------+--------+-----+--------+

Top non-repeatable levels by time:
     D:2: 888 daAuts
     D:1: 628 daAuts
     D:3: 417 daAuts
